 Dungeon Crawl Stone Soup version 0.30-a0-313-gae38170b09 (webtiles) character file.

Game seed: 14900803198908201998

73 PapaRoan the Trooper (level 4, -1/50 HPs)
             Began as an Ogre Cinder Acolyte on Oct 26, 2022.
             Was a High Priest of Ignis.
             Slain by an iguana (12 damage)
             ... on level 4 of the Dungeon.
             The game lasted 00:17:53 (1482 turns).

PapaRoan the Trooper (Ogre Cinder Acolyte)          Turns: 1482, Time: 00:17:54

Health: -1/50      AC:  3    Str: 20    XL:     4   Next: 27%
Magic:  2/6        EV:  9    Int: 15    God:    Ignis [*****.]
Gold:   47         SH:  0    Dex:  4    Spells: 4/6 levels left

rFire   + . .      SeeInvis .    a - -1 spear (flame)
rCold   . . .      Faith    .    (no shield)
rNeg    . . .      Spirit   .    b - +0 robe
rPois   .          Reflect  .    (helmet restricted)
rElec   .          Harm     .    (no cloak)
rCorr   .          Rampage  .    (gloves unavailable)
Will    .....                    (boots unavailable)
Stlth   +.........               (no amulet)
HPRegen 0.28/turn                (no ring)
MPRegen 0.10/turn                (no ring)

@: no status effects
A: large, unfitting armour, tough skin 1
a: Renounce Religion, Fiery Armour, Foxfire Swarm, Rising Flame


You were on level 4 of the Dungeon.
You worshipped Ignis.
Ignis was extremely pleased with you.
You visited 1 branch of the dungeon, and saw 4 of its levels.

You collected 47 gold pieces.

Inventory:

Hand Weapons
 a - a -1 spear of flaming (weapon)
Missiles
 e - 7 poisoned darts (quivered)
Armour
 b - a +0 robe (worn)
 g - a +0 plate armour
Magical Staves
 n - a staff of conjuration
Scrolls
 i - 2 scrolls of poison
 j - a scroll of fog {unknown}
 k - a scroll of enchant weapon {unknown}
 l - 2 scrolls of torment
 o - a scroll of noise {unknown}
Potions
 c - a potion of lignification {unknown}
 d - 2 potions of magic {unknown}
 f - a potion of curing {unknown}
 h - a potion of flight {unknown}
 m - a potion of resistance {unknown}
 p - 2 potions of invisibility {unknown}


   Skills:
 + Level 5.0 Fighting
 + Level 3.4 Polearms
 + Level 0.6 Dodging
 + Level 1.5 Spellcasting
 + Level 3.3 Fire Magic


You had 4 spell levels left.
You knew the following spells:

 Your Spells              Type           Power      Damage    Failure   Level
a - Scorch                Fire           22%        2d6       9%          2

Your spell library contained the following spells:

 Spells                   Type           Power      Damage    Failure   Level
 Freeze                   Ice            4%         1d3       24%         1
 Anguish                  Hex/Necr       0%         N/A       93%         4
 Metabolic Englaciation   Hex/Ice        0%         N/A       100%        5


Dungeon Overview and Level Annotations

Branches:
Dungeon (4/15)
 Temple: D:4-7

Altars:
Gozag
Qazlal
Sif Muna

Annotations:
D:4 Sigmund


Innate Abilities, Weirdness & Mutations

You are too large for most types of armour.
You have tough skin. (AC +1)


Message History

The ball python completely misses you. The orc wizard casts a spell at you.
The magic dart hits you. The orc attacks as you move away!
The orc hits you with a +0 falchion! The orc attacks as you move away!
The orc hits you but does no damage.
The ball python attacks as you move away!
The ball python bites you but does no damage.
You closely miss the orc.
The ball python bites you but does no damage.
The orc attacks as you move away! The orc hits you with a +0 falchion.
* * * LOW HITPOINT WARNING * * *
Found 3 stones.
The ball python bites you but does no damage.
The ball python attacks as you move away!
The ball python bites you.
* * * LOW HITPOINT WARNING * * *
The ball python attacks as you move away!
The ball python barely misses you.
The ball python attacks as you move away!
The ball python barely misses you. The ball python closely misses you.
Casting: Scorch (safe; 9% risk of failure)
Confirm with . or Enter, or press ? or * to list all spells.
Flames lash the ball python.
The ball python is heavily wounded.
The ball python's fire resistance burns away.
The ball python bites you but does no damage.
The ball python is no longer more vulnerable to fire.
The ball python attacks as you move away!
The ball python bites you.
* * * LOW HITPOINT WARNING * * *
Sigmund the Dreaded comes into view.
He is wielding a +0 scythe of flaming.
Sigmund shouts!
You hear a shout!
The ball python closely misses you.
Found a fuming golden potion.
The ball python closely misses you. The iguana closely misses you.
Casting: Scorch (safe; 9% risk of failure)
Confirm with . or Enter, or press ? or * to list all spells.
Flames lash the orc wizard but do no damage.
The iguana bites you!
You die...

##.....##.#. #.....##...
#........#.
.......!..###..#........
...........###.##.#..##.
.............#..#.......
##..............#.......
#.............#....###..
..............#....#....
.......@o....###.......#
.......Slo...##........#
...@.............#..#..#
..............####..o..#
..##.........## #..#....
. #..........# ##.###..
...........## #.# ##.
#............# #.. .
#..........##.# ..# .


You could see Sigmund, an iguana, an orc wizard, an orc and a ball python.

Vanquished Creatures
  3 adders
  An adder zombie (D:3)
  A worm (D:2)
  A dart slug (D:1)
  An orc (D:4)
  2 endoplasms
  4 goblins
  4 hobgoblins
  5 jackals
  3 ball pythons
  3 bats
  2 frilled lizards
  3 kobolds
  3 rats
36 creatures vanquished.

Vanquished Creatures (others)
  A withered plant (D:3)
1 creature vanquished.

Grand Total: 37 creatures vanquished

Notes
Turn   | Place    | Note
-------+----------+-------------------------------------------
     0 | D:1      | PapaRoan the Ogre Cinder Acolyte began the quest for the
                  | Orb.
     0 | D:1      | Reached XP level 1. HP: 24/24 MP: 2/2
   157 | D:1      | Found a faded altar of an unknown god.
   172 | D:1      | Reached XP level 2. HP: 22/32 MP: 3/3
   270 | D:1      | Learned a level 2 spell: Scorch
   464 | D:1      | Got Sif Muna's Reference Book on Numb Interference
   851 | D:2      | Reached XP level 3. HP: 33/40 MP: 4/4
   982 | D:2      | Found a shimmering blue altar of Sif Muna.
  1151 | D:3      | Found a stormy altar of Qazlal.
  1255 | D:3      | Found an opulent altar of Gozag.
  1280 | D:3      | Reached XP level 4. HP: 47/49 MP: 5/5
  1411 | D:4      | Reached skill level 5 in Fighting
  1479 | D:4      | Noticed Sigmund
  1482 | D:4      | Slain by an iguana

Illustrated notes

Levels and vault maps discovered:
D:1:      lemuel_arrival_room, layout_basic,
          hellmonk_ecumenical_altar_dog_temple, kennysheep_doodads
D:2:      layout_loops_ring, basic_altar
D:3:      layout_loops_ring, mainiacjoe_overflow_paths, old_standard_altar,
          serial_undead, serial_undead_a, serial_undead_f, serial_undead_d,
          serial_undead_c
D:4:      layout_cave_pools, dk_noncrumbling_2, uniq_eustachio, uniq_sigmund

Skill      XL: |  1  2  3  4 |
---------------+-------------+-----
Fire Magic     | 3 |  3.3
Fighting       | 5 |  5.0
Polearms       | |  3.4
Dodging        | |  0.6
Spellcasting   | |  1.5

Action                   |  1- 3 |  4- 6 || total
-------------------------+-------+-------++-------
Melee: Spear             |   111 |    22 ||   133
 Cast: Scorch            |     8 |     6 ||    14
  Use: Scroll            |     2 |       ||     2
Armor: Robe              |    28 |    10 ||    38
Dodge: Dodged            |    49 |    13 ||    62

Table legend: (Time is in decaauts)
 A = Elapsed time spent in this place.
 B = Non-inter-level travel time spent in this place.
 C = Inter-level travel time spent in this place.
 D = Time resting spent in this place.
 E = Time spent auto-exploring this place.
 F = Levels seen in this place.
 G = Mean time per level.
                   A        B        C        D        E       F      G
               +--------+--------+--------+--------+--------+-----+--------+
         Total |   1472 |   1471 |      1 |    151 |     40 |   4 |  368.0 |
       Dungeon |   1472 |   1471 |      1 |    151 |     40 |   4 |  368.0 |
               +--------+--------+--------+--------+--------+-----+--------+

Top non-repeatable levels by time:
     D:1: 714 daAuts
     D:2: 318 daAuts
     D:3: 295 daAuts
     D:4: 144 daAuts
